 Dungeon Crawl Stone Soup version 0.31-a0-1165-g196b491b36 (console) character file.

Game seed: 3803781044630434058

27762 jejorda2 the Cleaver (level 13, -8/104 HPs)
             Began as a Gnoll Berserker on Dec 9, 2023.
             Was an Elder of Trog.
             Mangled by a salamander
             ... wielding a +2 trident of protection
              (15 damage)
             ... on level 2 of the Lair of Beasts.
             The game lasted 00:34:45 (12028 turns).

jejorda2 the Cleaver (Gnoll Berserker)             Turns: 12028, Time: 00:34:46

Health: -8/104     AC: 20    Str: 21    XL:     13   Next: 34%
Magic:  25/25      EV:  9    Int:  9    God:    Trog [****..]
Gold:   1272       SH:  6    Dex: 12    Spells: 28/28 levels left

rFire   . . .        a - +9 war axe {vamp, rElec Int+2}
rCold   + . .        F - +0 buckler
rNeg    . . .        p - +0 plate armour
rPois   .            H - +1 hat
rElec   +            w - +2 cloak
rCorr   +            y - +0 pair of gloves
SInv    +            (no boots)
Will    .....        v - amulet "Poemiy" {+Blink rC+ Regen+} Stlth
                     k - ring of resist corrosion
HPRegen 1.17/turn    r - ring of see invisible
MPRegen 0.19/turn

%: no passive effects
@: no status effects
A: fangs 1, strong nose, distributed training
a: Renounce Religion, Evoke Blink, Berserk, Trog's Hand, Brothers in Arms


You were on level 2 of the Lair of Beasts.
You worshipped Trog.
Trog was greatly pleased with you.
You visited 2 branches of the dungeon, and saw 13 of its levels.
You also visited: Volcano.

You collected 1272 gold pieces.

Inventory:

Hand Weapons
 a - the +9 war axe of the Valley (weapon) {vamp, rElec Int+2}
   (You found it on level 10 of the Dungeon)

   Int+2:     It affects your intelligence (+2).
   rElec:     It insulates you from electricity.
 b - the +5 Force Lance {heavy, knockback}
   (You found it on level 5 of the Dungeon)
 D - a +0 battleaxe
Missiles
 d - 27 poisoned darts (quivered)
 x - 8 boomerangs
Armour
 p - a +0 plate armour (worn)
 w - a +2 cloak (worn)
 y - a +0 pair of gloves (worn)
 F - a +0 buckler (worn)
 H - a +1 hat (worn)
Jewellery
 k - a ring of resist corrosion (left hand)
 l - a ring of fire
 r - a ring of see invisible (right hand)
 v - the amulet "Poemiy" (around neck) {+Blink rC+ Regen+}
   (You found it on level 8 of the Dungeon)

   [amulet of regeneration]

   rC+:       It protects you from cold.
   +Blink:    It lets you blink.
   Regen+:    It increases your rate of health regeneration.
Wands
 g - a wand of flame (51)
 i - a wand of light (15)
 o - a wand of digging (2)
 u - a wand of charming (11)
 B - a wand of mindburst (5)
 I - a wand of roots (4)
Scrolls
 c - 4 scrolls of identify
 e - 4 scrolls of fog
 f - 3 scrolls of immolation
 q - 3 scrolls of teleportation
 s - a scroll of blinking
 t - 2 scrolls of enchant weapon
 E - a scroll of poison
Potions
 h - a potion of cancellation
 j - a potion of lignification
 m - a potion of haste
 n - a potion of mutation
 z - 2 potions of attraction
 A - 2 potions of ambrosia
 C - 2 potions of might
 J - a potion of heal wounds
 K - a potion of curing
Miscellaneous
 G - a phial of floods


   Skills:
 + Level 10.6 Fighting
 + Level 8.3 Short Blades
 + Level 8.3 Long Blades
 + Level 10.6 Axes
 + Level 8.3 Maces & Flails
 + Level 8.3 Polearms
 + Level 8.3 Staves
 + Level 8.3 Ranged Weapons
 + Level 8.3 Throwing
 + Level 9.6 Armour
 + Level 9.6 Dodging
 + Level 8.3 Stealth
 + Level 8.3 Shields
 + Level 8.3 Unarmed Combat
 + Level 8.3 Spellcasting
 + Level 6.9 Conjurations
 + Level 6.9 Hexes
 + Level 6.9 Summonings
 + Level 6.9 Necromancy
 + Level 6.9 Translocations
 + Level 6.9 Transmutations
 + Level 6.9 Fire Magic
 + Level 6.9 Ice Magic
 + Level 6.9 Air Magic
 + Level 6.9 Earth Magic
 + Level 6.9 Poison Magic
 + Level 9.1 Invocations
 + Level 8.3 Evocations
 + Level 7.6 Shapeshifting


You had 28 spell levels left.
You didn't know any spells.
Your spell library was empty.

Dungeon Overview and Level Annotations

Branches:
Dungeon (11/15)            Temple (0/1) D:7            Lair (2/5) D:8
  Snake (0/4) Lair:2          Orc (0/2) D:10        Volcano (visited)
  Swamp: Lair:2-3    Shoals: Lair:2-3

Altars:
Cheibriados
Gozag
Sif Muna
Trog
Zin
Jiyva

Shops:
D:1 :

Portals:
Trove: D:10 (give +2 fire dragon scales)


Innate Abilities, Weirdness & Mutations

You have very sharp teeth.
Your uncanny sense of smell can sniff out nearby items.
Your experience applies equally to all skills.


Message History

You are engulfed in flames!
The salamander hits you from afar with a +2 trident of protection!
You are engulfed in flames!
A lava snake comes into view.
The lava snake moves out of view.
You block the salamander's attack. The salamander closely misses you.
You slash the salamander!
The salamander is lightly wounded.
You block the salamander's attack.
You slash the salamander!
You feel better.
The salamander is heavily wounded.
The salamander hits you but does no damage.
You closely miss the salamander.
You bite the salamander, but do no damage.
The salamander is heavily wounded.
The salamander hits you with a +2 trident of protection.
You are engulfed in flames!
You hit the salamander.
You feel better.
The salamander is heavily wounded.
The salamander hits you but does no damage.
You slash the salamander!
The salamander is severely wounded.
The salamander hits you with a +2 trident of protection.
You are engulfed in flames!
You barely miss the salamander.
The salamander is severely wounded.
The salamander hits you with a +2 trident of protection.
You are engulfed in flames!
You slash the salamander!
You feel better.
The salamander is almost dead.
The salamander hits you with a +2 trident of protection!
You are engulfed in flames!
* * * LOW HITPOINT WARNING * * *
You barely miss the salamander.
The salamander is severely wounded.
The salamander hits you with a +2 trident of protection!
* * * LOW HITPOINT WARNING * * *
You are engulfed in flames!
You die...

## ##### ....
####.###.#. #.<.
#.........###...
...........#.#.#
∆.........##..###
.....).....#..# ##
#.....##...# ≈≈S#
#......#..#
≈S≈§≈≈##@.P#.##.##
..§.≈[#N.#####..###
.>§......#.###...P#
§.§≈./#..##†..#...#
S≈§≈###......<.#...#
§≈≈ ##........##.#
## #............#..
#...............#
#.....)..........


You could see a salamander.

Vanquished Creatures
  A catoblepas (D:9)
  3 boulder beetles (D:11)
  2 two-headed ogres
  A deep elf archer (Volcano)
  5 deep elf pyromancers (Volcano)
  Maurice (D:10)
  An ugly thing (D:10)
  2 centaur zombies (D:10)
  Joseph (D:9)
  A torpor snail (Lair:2)
  5 cane toads
  A gargoyle (D:10)
  2 centaur skeletons (D:10)
  Jeremiah (D:8)
  2 komodo dragons (Lair:1)
  A yaktaur (D:10)
  A tengu conjurer (D:10)
  2 trolls
  Grinder (D:3)
  9 blink frogs (Lair:1)
  8 slime creatures
  2 wyverns
  25 yaks
  3 wraiths
  2 basilisks (Lair:1)
  A steam dragon (D:7)
  5 fire elementals (Volcano)
  5 vampire mosquitoes
  2 wargs
  7 hell hounds (Volcano)
  5 water moccasins
  An ice beast (D:6)
  A sky beast (D:7)
  3 orc warriors
  3 ogres
  2 centaurs
  3 kobold brigands
  A gnoll sergeant (D:9)
  4 bullfrogs
  6 scorpions
  3 wights (D:6)
  19 killer bees
  6 electric eels
  3 howler monkeys
  6 orc priests
  4 hounds
  2 gnoll boudas (D:7)
  3 jellies
  Crazy Yiuf (D:5)
  A sleepcap (D:5)
  3 iguanas
  11 orc wizards
  5 hell rats (Lair:1)
  A centaur simulacrum (D:10)
  15 gnolls
  11 adders
  A white imp (D:3)
  A worm (D:5)
  A dart slug (D:1)
  26 orcs
  3 ball pythons (D:4)
  6 bats
  6 endoplasms
  3 giant cockroaches
  6 goblins
  9 hobgoblins
  11 kobolds
  A quokka (D:3)
  5 frilled lizards
  6 rats
311 creatures vanquished.

Vanquished Creatures (collateral kills)
  A boulder beetle (D:9)
  A wraith (D:9)
2 creatures vanquished.

Grand Total: 313 creatures vanquished

Notes
Turn   | Place    | Note
-------+----------+-------------------------------------------
     0 | D:1      | jejorda2 the Gnoll Berserker began the quest for the Orb.
     0 | D:1      | Reached XP level 1. HP: 23/23 MP: 1/1
   251 | D:1      | Reached XP level 2. HP: 29/29 MP: 2/2
   686 | D:1      | Found Meng's Book Shop.
  1095 | D:2      | Reached XP level 3. HP: 35/35 MP: 2/4
  1266 | D:2      | Reached ** piety under Trog
  1304 | D:2      | Reached skill level 1 in Invocations
  1446 | D:2      | Reached skill level 1 in Short Blades
  1446 | D:2      | Reached skill level 1 in Long Blades
  1446 | D:2      | Reached skill level 1 in Maces & Flails
  1446 | D:2      | Reached skill level 1 in Polearms
  1446 | D:2      | Reached skill level 1 in Staves
  1446 | D:2      | Reached skill level 1 in Ranged Weapons
  1446 | D:2      | Reached skill level 1 in Throwing
  1446 | D:2      | Reached skill level 1 in Stealth
  1446 | D:2      | Reached skill level 1 in Shields
  1446 | D:2      | Reached skill level 1 in Unarmed Combat
  1446 | D:2      | Reached skill level 1 in Spellcasting
  1446 | D:2      | Reached skill level 1 in Evocations
  1493 | D:2      | Found an opulent altar of Gozag.
  1821 | D:3      | Noticed Grinder
  1835 | D:3      | Reached skill level 1 in Shapeshifting
  1835 | D:3      | Reached XP level 4. HP: 41/41 MP: 5/5
  1856 | D:3      | Paralysed by Grinder for 2 turns
  1858 | D:3      | Killed Grinder
  1859 | D:3      | Reached skill level 1 in Conjurations
  1859 | D:3      | Reached skill level 1 in Hexes
  1859 | D:3      | Reached skill level 1 in Summonings
  1859 | D:3      | Reached skill level 1 in Necromancy
  1859 | D:3      | Reached skill level 1 in Translocations
  1859 | D:3      | Reached skill level 1 in Transmutations
  1859 | D:3      | Reached skill level 1 in Fire Magic
  1859 | D:3      | Reached skill level 1 in Ice Magic
  1859 | D:3      | Reached skill level 1 in Air Magic
  1859 | D:3      | Reached skill level 1 in Earth Magic
  1859 | D:3      | Reached skill level 1 in Poison Magic
  1859 | D:3      | Reached XP level 5. HP: 38/47 MP: 5/7
  1859 | D:3      | Reached XP level 6. HP: 43/53 MP: 5/8
  2198 | D:3      | Reached skill level 5 in Armour
  2198 | D:3      | Reached skill level 5 in Dodging
  3161 | D:5      | Entered Level 5 of the Dungeon
  3273 | D:5      | Reached XP level 7. HP: 42/59 MP: 10/10
  3538 | D:5      | Found a runed translucent door.
  3539 | D:5      | Noticed Crazy Yiuf
  3546 | D:5      | Killed Crazy Yiuf
  3975 | D:5      | Found the +5 Force Lance {heavy, knockback}
  4167 | D:5      | Reached *** piety under Trog
  4168 | D:5      | Reached XP level 8. HP: 67/67 MP: 12/12
  4787 | D:6      | You fall into a shaft and drop 2 floors!
  4820 | D:7      | Reached XP level 9. HP: 49/73 MP: 14/14
  5437 | D:6      | Reached skill level 5 in Invocations
  5697 | D:7      | Found a staircase to the Ecumenical Temple.
  5912 | D:7      | Reached XP level 10. HP: 54/80 MP: 17/17
  6499 | D:8      | Found a bloodstained altar of Trog.
  6504 | D:8      | Noticed Jeremiah
  6553 | D:8      | Reached skill level 5 in Short Blades
  6553 | D:8      | Reached skill level 5 in Long Blades
  6553 | D:8      | Reached skill level 5 in Maces & Flails
  6553 | D:8      | Reached skill level 5 in Polearms
  6553 | D:8      | Reached skill level 5 in Staves
  6553 | D:8      | Reached skill level 5 in Ranged Weapons
  6553 | D:8      | Reached skill level 5 in Throwing
  6553 | D:8      | Reached skill level 5 in Stealth
  6553 | D:8      | Reached skill level 5 in Shields
  6553 | D:8      | Reached skill level 5 in Unarmed Combat
  6553 | D:8      | Reached skill level 5 in Spellcasting
  6553 | D:8      | Reached skill level 5 in Evocations
  6584 | D:8      | Killed Jeremiah
  6617 | D:8      | Found a transporter.
  6624 | D:8      | Found a viscous altar of Jiyva.
  6658 | D:8      | Found a staircase to the Lair.
  7125 | D:8      | Reached **** piety under Trog
  7175 | D:8      | Found a transporter.
  7334 | D:8      | Reached skill level 5 in Shapeshifting
  7351 | D:8      | Identified the amulet "Poemiy" {+Blink rC+ Regen+}
  7748 | D:9      | Reached XP level 11. HP: 51/87 MP: 19/19
  7861 | D:9      | Reached skill level 5 in Conjurations
  7861 | D:9      | Reached skill level 5 in Hexes
  7861 | D:9      | Reached skill level 5 in Summonings
  7861 | D:9      | Reached skill level 5 in Necromancy
  7861 | D:9      | Reached skill level 5 in Translocations
  7861 | D:9      | Reached skill level 5 in Transmutations
  7861 | D:9      | Reached skill level 5 in Fire Magic
  7861 | D:9      | Reached skill level 5 in Ice Magic
  7861 | D:9      | Reached skill level 5 in Air Magic
  7861 | D:9      | Reached skill level 5 in Earth Magic
  7861 | D:9      | Reached skill level 5 in Poison Magic
  7952 | D:9      | Noticed Joseph
  7971 | D:9      | Killed Joseph
  8105 | D:9      | Noticed a two-headed ogre
  8116 | D:9      | Killed a two-headed ogre
  8271 | D:9      | Noticed a boulder beetle
  8271 | D:9      | Noticed a catoblepas
  8271 | D:9      | Found a runed translucent door.
  8762 | D:9      | Found a shimmering blue altar of Sif Muna.
  8859 | D:9      | Killed a catoblepas
  8864 | D:9      | Killed a boulder beetle
  8869 | D:9      | Identified the +0 quarterstaff of Action {drain, Str+3
                  | Dex-4}
  8931 | D:10     | Entered Level 10 of the Dungeon
  9013 | D:10     | Noticed a brown ugly thing
  9025 | D:10     | Killed a brown ugly thing
  9133 | D:10     | Identified the +9 war axe of the Valley {vamp, rElec Int+2}
  9195 | D:10     | Noticed Maurice
  9208 | D:10     | Killed Maurice
  9318 | D:10     | Found a portal to a secret trove of treasure.
  9411 | D:10     | Reached XP level 12. HP: 87/97 MP: 22/22
  9445 | D:10     | Found a snail-covered altar of Cheibriados.
  9470 | D:10     | Found a staircase to the Orcish Mines.
  9756 | D:10     | Found a glowing silver altar of Zin.
  9781 | D:11     | Noticed a boulder beetle
  9795 | D:11     | Killed a boulder beetle
  9854 | D:11     | Noticed a two-headed ogre
  9861 | D:11     | Killed a two-headed ogre
  9995 | D:11     | Noticed a boulder beetle
 10009 | D:11     | Killed a boulder beetle
 10040 | D:11     | Reached skill level 10 in Fighting
 10040 | D:11     | Reached skill level 10 in Axes
 10119 | D:11     | Identified the +2 spear "Maliokhu" {drain, rElec Dex+3
                  | SInv}
 10328 | D:11     | Noticed a boulder beetle
 10341 | D:11     | Killed a boulder beetle
 10599 | Lair:1   | Entered Level 1 of the Lair of Beasts
 10778 | Lair:1   | Found a dark tunnel.
 10785 | Volcano  | Entered a volcano
 10982 | Volcano  | Reached XP level 13. HP: 61/104 MP: 23/25
 12012 | Lair:2   | Found a staircase to the Snake Pit.
 12028 | Lair:2   | Mangled by a salamander

Illustrated notes

Levels and vault maps discovered:
D:1:      lightli_arrival_chessboard, layout_loops_corners, serial_shops, shop,
          hangedman_decor_push, amcnicky_mini_pool_small
D:2:      layout_loops_corners, basic_altar
D:3:      layout_rooms, patterned_corridor, uniq_grinder
D:4:      layout_loops_ring
D:5:      layout_loops_cross, supply_closet_lemuel, blue_anna_alchemist,
          kennysheep_generic_room_6, uniq_crazy_yiuf_cottage
D:6:      layout_cave_pools
D:7:      layout_loops_ring, minmay_temple_entry_large_hall
D:8:      gammafunk_jiyva_shrine, layout_cave_pools,
          mainiacjoe_overflow_chevrons, erik_lair_orcish_takeover,
          dreamdust_princess_bridge, serial_bayou_ford_a, uniq_jeremiah
D:9:      layout_irregular_city, led_sif_book, wad_hexagon, uniq_joseph
D:10:     layout_basic, minitemple, orc_0_dummy, enter_trove_2,
          hangedman_weighted_door, minmay_diamond_spiral, uniq_maurice
D:11:     layout_roguey
Lair:1:   layout_regular_city, enter_volcano_4, cheibrodos_lair_caveside_slide,
          chequers_serial_rivers_micro_d, minivault_25, serial_bayou_shore_a
Lair:2:   layout_cave_pods, nicolae_snake_entry_warm_welcome,
          beast_lair_carwin_10

Skill      XL: |  1  2  3  4  5  6  7  8  9 10 11 12 13 |
---------------+----------------------------------------+-----
Invocations    | 1 2 3 4 5 6 7 8 9 |  9.1
Short Blades   | 1 2 3 4 5 7 8 |  8.3
Long Blades    | 1 2 3 4 5 7 8 |  8.3
Maces & Flails | 1 2 3 4 5 7 8 |  8.3
Polearms       | 1 2 3 4 5 7 8 |  8.3
Staves         | 1 2 3 4 5 7 8 |  8.3
Ranged Weapons | 1 2 3 4 5 7 8 |  8.3
Throwing       | 1 2 3 4 5 7 8 |  8.3
Stealth        | 1 2 3 4 5 7 8 |  8.3
Shields        | 1 2 3 4 5 7 8 |  8.3
Unarmed Combat | 1 2 3 4 5 7 8 |  8.3
Spellcasting   | 1 2 3 4 5 7 8 |  8.3
Evocations     | 1 2 3 4 5 7 8 |  8.3
Shapeshifting  | 1 2 3 4 5 6 7 |  7.6
Conjurations   | 1 2 3 4 5 6 |  6.9
Hexes          | 1 2 3 4 5 6 |  6.9
Summonings     | 1 2 3 4 5 6 |  6.9
Necromancy     | 1 2 3 4 5 6 |  6.9
Translocations | 1 2 3 4 5 6 |  6.9
Transmutations | 1 2 3 4 5 6 |  6.9
Fire Magic     | 1 2 3 4 5 6 |  6.9
Ice Magic      | 1 2 3 4 5 6 |  6.9
Air Magic      | 1 2 3 4 5 6 |  6.9
Earth Magic    | 1 2 3 4 5 6 |  6.9
Poison Magic   | 1 2 3 4 5 6 |  6.9
Armour         | 5 6 7 8 9 |  9.6
Dodging        | 5 6 7 8 9 |  9.6
Fighting       | 7 8 9 10 | 10.6
Axes           | 7 8 9 10 | 10.6

Action                     |  1- 3 |  4- 6 |  7- 9 | 10-12 | 13-15 || total
---------------------------+-------+-------+-------+-------+-------++-------
  Melee: Hand axe          |   100 |   135 |    79 |       |       ||   314
         Bite              |     5 |    17 |    22 |    46 |    16 ||   106
         Mace              |       |     2 |       |       |       ||     2
         Punch             |       |     3 |     3 |     8 |       ||    14
         Lance             |       |       |   190 |   200 |       ||   390
         Battleaxe         |       |       |       |    18 |       ||    18
         War axe           |       |       |       |   233 |   117 ||   350
         Unarmed           |       |       |       |       |    13 ||    13
  Throw: Dart              |       |     3 |    12 |    44 |    19 ||    78
 Invoke: Trog's Hand       |     1 |     1 |     1 |     7 |     2 ||    12
         Berserk           |     1 |       |     5 |     9 |     3 ||    18
         Brothers in Arms  |       |       |       |     1 |       ||     1
  Evoke: Wand              |       |       |       |     6 |     1 ||     7
    Use: Scroll            |       |       |    15 |     4 |     1 ||    20
         Potion            |       |       |       |     2 |       ||     2
   Stab: Sleeping          |       |     1 |       |       |       ||     1
         Distracted        |       |       |     1 |     1 |       ||     2
 Armour: Animal skin       |     8 |       |       |       |       ||     8
         Ring mail         |    43 |    77 |    49 |       |       ||   169
         Chain mail        |       |       |   151 |    32 |       ||   183
         Plate armour      |       |       |       |   477 |    97 ||   574
  Dodge: Dodged            |    67 |    60 |   129 |   187 |    39 ||   482
  Block: Buckler           |       |       |       |    51 |    30 ||    81

Table legend: (Time is in decaauts)
 A = Elapsed time spent in this place.
 B = Non-inter-level travel time spent in this place.
 C = Inter-level travel time spent in this place.
 D = Time resting spent in this place.
 E = Time spent auto-exploring this place.
 F = Levels seen in this place.
 G = Mean time per level.
                   A        B        C        D        E       F      G
               +--------+--------+--------+--------+--------+-----+--------+
         Total |  12304 |  11758 |    546 |   1209 |   7845 |  14 |  878.9 |
       Dungeon |  10835 |  10319 |    516 |   1087 |   7160 |  11 |  985.0 |
          Lair |   1148 |   1118 |     30 |     84 |    611 |   2 |  574.0 |
       Volcano |    321 |    321 |      0 |     37 |     73 |   1 |  321.0 |
               +--------+--------+--------+--------+--------+-----+--------+

Top non-repeatable levels by time:
     D:9: 1668 daAuts
     D:5: 1556 daAuts
     D:7: 1112 daAuts
  Lair:1: 1075 daAuts
     D:2: 937 daAuts
    D:10: 909 daAuts
     D:8: 905 daAuts
     D:1: 848 daAuts
    D:11: 772 daAuts
     D:6: 747 daAuts
     D:4: 720 daAuts
     D:3: 657 daAuts
 Volcano: 321 daAuts
  Lair:2: 72 daAuts
